Barry, chaotic male orcish Convict ---- ---- --..| |..| ---...----- -- ---- --..| ---- -- -......|..-- --.-- |..---- |...--- |..| --.----- |.........| |...--|.[...----.....| ---- ------ |..--- |...|..| --........| |.....|-......|......-- |..|--....| |....| --- |.....-| ---- -.[..|.-- -----.|...............| --..|......| --...---.-- --.....----..| #-.-|.| |.|.|.............---..........| ---...^..| |...........| |.| |...|..........................---- --....-| |--.......--- |.| -----.--|......---....................| ---...-- --...|....-- |.| |.....| --.|.--- |................^...-----|....| |..--|...-- |.| |.....------------........................----..---..---.--- |.| --....%.............................................^....| |.| --....----..----....................|......-...----------- ---- |.|--|......|...-- |...................---.......--- |..|--.|..|......@dd.| --.................-- ----....|----- |..|...|.....---.dod.| |...........--....| |.^..--.|.-- -...----%...| --ddd-- |..........----..-- ---........| |....>.).---- ----- ---........| |..| |.......-- |<.------- --.--.---- ---- ---.----- ---- ------ --- Barry the Jail-bird Experience level: 8 Strength: 18 Dexterity: 12 Constitution: 17 Intelligence: 12 Wisdom: 12 Charisma: 7 Health: 0(72) Energy: 34(34) AC: 0 Gold: 396 Moves: 9390 Your Inventory: Coins $ - 396 gold pieces Weapons x - an uncursed [+0] dwarvish mattock (weapon in hands) y - 22 uncursed [+0] darts I - a [cursed -4] sling L - 5 [uncursed +0] daggers Armor A - a cursed -2 pair of gauntlets of dexterity B - a cursed -1 pair of gauntlets of power C - a cursed -1 pair of water walking boots H - an uncursed +0 pair of iron shoes (being worn) J - a blessed +1 dwarvish mithril-coat (being worn) Q - an uncursed rusty +0 orcish helm (being worn) V - an uncursed +0 dwarvish cloak (being worn) Comestibles G - an [uncursed] food ration R - an uncursed sprig of wolfsbane Rings k - an uncursed ring called useless - poison res? [of poison resistance] t - an uncursed ring of searching (on right hand) w - an uncursed ring called fire res [of fire resistance] (on left hand) Wands e - a cursed wand of enlightenment (0:7) Tools h - 6 uncursed [tallow] candles i - an uncursed [wax] candle l - an uncursed lock pick p - an uncursed bag of tricks [0:20] F - an [uncursed] bag called holdybag [of holding] Gems a - 11 uncursed rocks (in quiver) q - 2 uncursed orange gems [worthless glass] r - an uncursed white gem [worthless glass] z - an uncursed yellowish brown gem [worthless glass] K - an [uncursed] stone called touch [touchstone] N - an [uncursed] red gem [worthless glass] O - an [uncursed] yellow gem [citrine] S - an uncursed red gem [ruby] T - an uncursed black gem [worthless glass] Contents of the bag of holding: 2 blessed unlabeled scrolls [of blank paper] an uncursed unlabeled scroll [of blank paper] 2 cursed unlabeled scrolls [of blank paper] a cursed amber potion [of booze] an uncursed potion called OD? ruby [of object detection] a cursed potion called OD? ruby [of object detection] a [blessed] potion called OD? ruby [of object detection] an uncursed potion of oil Spells known in the end: Name Level Category Fail Memory Your skills at the end: Fighting Skills Weapon Skills sling [Basic / Skilled] Spellcasting Skills Final Attributes: You were piously aligned. Hunger level was 197. Your alignment was 56 / 56. Monster difficulty range was 0 - 6. Level difficulty was 5. You were immune to fire. You were immune to poison. You were immune to sickness. You were telepathic. You had automatic searching. You had infravision. Your luck was zero. You are dead. Vanquished creatures: a leprechaun a housecat 2 blue jellies 2 snow ants a wood nymph a mountain nymph 2 Mordor orcs a rock piercer 2 enormous rats 3 rock moles 3 fog clouds a yellow light 2 shriekers a violet fungus 5 gnome lords a kobold mummy a gray ooze an elf zombie 2 paper golems 2 giant ants 3 floating eyes 7 dwarves 2 kobold lords a kobold shaman a rothe 2 monkeys an orc zombie 2 dwarf zombies 2 wererats a werejackal 6 iguanas 6 killer bees 5 acid blobs a gas spore 3 hobbits a hobgoblin a giant rat 3 cave spiders 3 brown molds a yellow mold a red mold 16 gnomes a gnome zombie 11 geckos 8 jackals 4 foxes 4 kobolds 2 goblins 2 sewer rats 8 grid bugs 3 bats 9 lichens a kobold zombie 12 newts 169 creatures vanquished. Voluntary challenges: You used a wielded weapon 97 times. You read items or engraved 3 times. You put on armor 18 times. You never genocided any monsters. You never polymorphed an object. You changed form 1 time. You used no wishes. You never wrote Elbereth's name. You never encountered a bones level. You never used any Sokoban shortcuts. Dungeon overview: The Dungeons of Doom: levels 1 to 5 Level 1 an altar, a fountain a long staircase Level 2 (potion shop) a potion shop, an altar Level 3 (scroll shop) a scroll shop, an altar stairs to The Gnomish Mines Level 4 (armor shop) an armor shop Level 5 (v) The Gnomish Mines: levels 4 to 6 Level 4 stairs to The Dungeons of Doom Level 5 <- You were here History has recorded: On T:1 you entered the Dungeons of Doom to retrieve the Amulet of Yendor! On T:328 you advanced to experience level 2. On T:490 you reached level 2 of The Dungeons of Doom. On T:738 you advanced to experience level 3. On T:967 you reached level 3 of The Dungeons of Doom. On T:985 you advanced to experience level 4. On T:1876 you reached level 4 of The Dungeons of Doom. On T:2103 you advanced to experience level 5. On T:2411 you reached level 5 of The Dungeons of Doom. On T:2793 you advanced to experience level 6. On T:4210 you advanced to experience level 7. On T:5910 you reached level 1 of The Gnomish Mines. On T:7228 you advanced to experience level 8. On T:9044 you reached level 2 of The Gnomish Mines. On T:9051 you reached level 3 of The Gnomish Mines. Latest messages: [HP-3=66] You miss the werewolf. The wolf just misses! The winter wolf bites! The werewolf summons help! The werewolf hits! [HP-12=54] You miss the werewolf. The wolf bites! The wolf misses. The wolf bites! (2x) The winter wolf bites! The wolf bites! The winter wolf bites! The werewolf misses. [HP-38=16] You begin praying to Tymora. The wolf bites! (2x) The wolf misses. The wolf bites! The winter wolf bites! You die... Final status: Goodbye Barry the Convict... You died in The Gnomish Mines on dungeon level 5 with 3955 points, and 396 pieces of gold, after 9390 moves. You were level 8 with a maximum of 72 hit points when you died.